Blues vs Penguins

Created - 18 octobre 2017 at 12:55

Goals
1 2 3 T
Blues 2 5 2 9
Penguins 2 0 0 2
Shots
1 2 3 T
Blues 15 15 10 40
Penguins 12 9 15 36

1st period

1. Penguins , Leo Komarov 3 (Auston Matthews 3, Brad Marchand 4) at 1:52
2. Penguins , Leo Komarov 4 (Auston Matthews 4, Joel Armia 2) at 6:20
3. Blues , Steven Stamkos 1 (Cam Atkinson 1, Cody Eakin 2) at 12:54
4. Blues , Jamie McGinn 1 (Gabriel Dumont 1, Mike Green 1) at 13:08

Penalties :
No Penalty

2nd period

5. Blues , Steven Stamkos 2 (Jamie McGinn 1, Dan Girardi 1) at 3:45
6. Blues , Melker Karlsson 1 (Clarke MacArthur 4) at 6:36
7. Blues , Clarke MacArthur 1 (Rene Bourque 3) at 8:09
8. Blues , Steven Stamkos 3 (Rene Bourque 4) at 14:04
9. Blues , Steven Stamkos 4 (Mike Green 2, Cam Atkinson 2) at 19:29 (PP)

Penalties :
Rene Bourque (STL) for Interference (Minor) at 11:58, Trevor van Riemsdyk (PIT) for Hooking (Minor) at 18:07

3rd period

10. Blues , Gabriel Dumont 1 (Jamie McGinn 2) at 8:07
11. Blues , Jamie McGinn 2 (Kevin Porter 1, Gabriel Dumont 2) at 10:24

Penalties :
Tyler Myers (PIT) for Hooking (Minor) at 17:00, Steven Stamkos (STL) for Hooking (Minor) at 17:20

Goalie Stats

Kari Lehtonen (STL), 34 saves from 36 shots - (0,944), W, 2-2-0, 60:00 minutes
Aaron Dell (PIT), 17 saves from 22 shots - (0,773), L, 0-1-0, 28:09 minutes
Tuukka Rask (PIT), 14 saves from 18 shots - (0,778), 31:51 minutes

Players Stats for Blues

Player Name              G  A  P  +/- PIM S  H  SB GA TA FO     MP     PP MP  PK MP  
------------------------------------------------------------------------------------
Brenden Dillon           0  0  0   4  0   0  2  0  1  2  0/0    19:14   0:47   0:37 
Cam Atkinson             0  2  2   2  0   2  0  1  1  0  1/1    22:10   0:58   1:20 
Clarke MacArthur         1  1  2   1  0   7  0  0  1  1  0/0    16:23   0:44   0:16 
Cody Eakin               0  1  1   2  0   1  1  2  0  1  1/4    20:00   0:58   0:16 
Dan Girardi              0  1  1   4  0   0  0  0  0  0  0/0    19:14   0:47   0:37 
David Schlemko           0  0  0   0  0   0  1  2  0  0  0/0    13:24   0:00   0:00 
Dominik Simon            0  0  0  -1  0   3  1  0  0  0  1/3     8:31   0:00   0:41 
Gabriel Dumont           1  2  3   3  0   4  0  3  0  0  3/4    13:20   0:00   0:05 
Jamie McGinn             2  2  4   3  0   7  0  0  2  1  1/2    13:25   0:00   0:00 
Jordan Oesterle          0  0  0   0  0   0  0  0  1  2  0/0    13:24   0:00   0:00 
Jordan Schroeder         0  0  0  -1  0   0  1  0  0  0  0/0     7:22   0:00   0:00 
Kevin Porter             0  1  1   3  0   2  2  0  1  0  0/0    12:36   0:00   0:00 
Melker Karlsson          1  0  1   2  0   3  1  0  0  0  6/15   17:25   0:44   0:43 
Mike Green               0  2  2   2  0   1  1  5  0  1  0/0    27:22   0:55   1:42 
Nate Thompson            0  0  0  -1  0   0  2  0  0  0  1/1     7:22   0:00   0:00 
Rene Bourque             0  2  2   2  2   2  2  0  1  1  0/1    16:13   0:44   0:00 
Steven Stamkos           4  0  4   3  2   8  0  0  2  0  26/36  21:13   0:57   1:17 
Trevor Daley             0  0  0   2  0   0  2  2  0  1  0/0    27:22   0:55   1:42 

Players Stats for Penguins

Player Name              G  A  P  +/- PIM S  H  SB GA TA FO     MP     PP MP  PK MP  
------------------------------------------------------------------------------------
Andrew MacDonald         0  0  0  -2  0   0  1  1  0  0  0/0    21:07   1:03   0:59 
Auston Matthews          0  2  2   2  0   4  1  0  1  0  8/16   19:24   1:37   0:00 
Benoit Pouliot           0  0  0  -4  0   2  2  0  0  0  0/0     9:30   0:20   0:00 
Brad Marchand            0  1  1  -3  0   4  3  0  1  0  0/1    18:11   1:17   0:00 
Brian Boyle              0  0  0  -1  0   3  0  1  4  1  7/14   14:11   1:16   1:26 
Dmitry Orlov             0  0  0  -4  0   0  1  1  0  0  0/0    19:26   0:43   1:03 
Joel Armia               0  1  1  -4  0   0  0  0  1  0  0/0    10:02   0:00   1:26 
Leo Komarov              2  0  2   2  0   4  2  1  0  0  0/1    18:13   0:42   0:16 
Marian Gaborik           0  0  0  -1  0   4  0  0  0  0  1/2    11:37   0:00   0:00 
Markus Granlund          0  0  0  -3  0   1  3  0  0  1  0/1    17:38   0:42   0:00 
Matt Read                0  0  0  -4  0   0  0  0  1  0  0/0     8:43   0:00   0:00 
Michael Grabner          0  0  0   2  0   4  1  0  1  0  1/1    17:57   0:42   0:00 
Mikael Granlund          0  0  0  -3  0   4  2  1  0  1  9/30   19:31   1:17   0:16 
Niklas Kronwall          0  0  0  -1  0   1  2  0  0  1  0/0    19:21   0:00   0:00 
Roman Polak              0  0  0  -3  0   0  2  0  0  3  0/0    18:47   0:20   0:43 
Shane Doan               0  0  0  -1  0   2  1  0  1  1  1/1    12:32   0:00   0:00 
Trevor van Riemsdyk      0  0  0  -1  2   0  1  1  0  1  0/0    19:54   0:00   0:00 
Tyler Myers              0  0  0  -1  2   3  1  0  0  1  0/0    20:33   1:36   0:39 

3 Stars

1 - Steven Stamkos (STL)
2 - Jamie McGinn (STL)
3 - Gabriel Dumont (STL)

Power Play

Blues - 1 on 2 Attempt(s) - 50,00%
Penguins - 0 on 2 Attempt(s) - 0,00%

Penalty Kill

Blues - 2 on 2 Attempt(s) - 100,00% - Score 0 goal in Penalty Kill
Penguins - 1 on 2 Attempt(s) - 50,00% - Score 0 goal in Penalty Kill

Team Stat

Blues - Hits : 16 - Faceoff Wins : 40 - Blocked Shots : 15 - Penalty Minutes : 4
Penguins - Hits : 23 - Faceoff Wins : 27 - Blocked Shots : 6 - Penalty Minutes : 4

Official

Referees : Dean Morton and Frederick L'Ecuyer
Linesman : Lonnie Cameron and Vaughan Rody

Game Notes

Tuukka Rask enters game at 8:09 of 2nd period
Steven Stamkos has scored a Hat Trick!

Finance

Level 1 -- Attendance: 6000 (100,00%) -- Ticket Income 510 000 $
Level 2 -- Attendance: 4359 (87,18%) -- Ticket Income 261 540 $
Level 3 -- Attendance: 2000 (100,00%) -- Ticket Income 70 000 $
Level 4 -- Attendance: 3899 (97,48%) -- Ticket Income 77 980 $
Luxury Box -- Attendance: 930 (93,00%) -- Ticket Income 167 400 $
Game was played at the Consol Energy Center.
Total Attendance: 17188 (95,49%)
Total Ticket Income: 1 086 920 $
Other Income: 532 591 $
Total Income: 1 619 511 $

Blues

5 vs 5 Forward 
   Center                   Left Wing                Right Wing               Time % Phy DF OF 
 1 Steven Stamkos           Cam Atkinson             Cody Eakin               40     1   2  2  
 2 Melker Karlsson          Clarke MacArthur         Rene Bourque             30     1   2  2  
 3 Gabriel Dumont           Jamie McGinn             Kevin Porter             20     1   2  2  
 4 Dominik Simon            Nate Thompson            Jordan Schroeder         10     1   2  2  

5 vs 5 Defense 
   Defense                  Defense                                           Time % Phy DF OF 
 1 Mike Green               Trevor Daley                                      40     1   2  2  
 2 Dan Girardi              Brenden Dillon                                    30     1   2  2  
 3 Jordan Oesterle          David Schlemko                                    20     1   2  2  
 4 Mike Green               Trevor Daley                                      10     1   2  2  

PowerPlay Forward 
   Center                   Left Wing                Right Wing               Time % Phy DF OF 
 1 Steven Stamkos           Cam Atkinson             Cody Eakin               60     1   2  2  
 2 Melker Karlsson          Clarke MacArthur         Rene Bourque             40     1   2  2  

PowerPlay Defense
   Defense                  Defense                                           Time % Phy DF OF 
 1 Mike Green               Trevor Daley                                      60     1   2  2  
 2 Dan Girardi              Brenden Dillon                                    40     1   2  2  

Penalty Kill 4 Players Forward 
   Center                   Wing                     Time % Phy DF OF 
 1 Steven Stamkos           Cam Atkinson             60     1   2  2  
 2 Clarke MacArthur         Cody Eakin               40     1   2  2  

Penalty Kill 4 Players Defense
   Defense                  Defense                  Time % Phy DF OF 
 1 Mike Green               Trevor Daley             60     1   2  2  
 2 Dan Girardi              Brenden Dillon           40     1   2  2  

Penalty Kill - 3 Players Forward 
   Forward                                           Time % Phy DF OF 
 1 Steven Stamkos                                    60     1   2  2  
 2 Cam Atkinson                                      40     1   2  2  

Penalty Kill - 3 Players Defense
   Defense                  Defense                  Time % Phy DF OF 
 1 Mike Green               Trevor Daley             60     1   2  2  
 2 Dan Girardi              Brenden Dillon           40     1   2  2  

4 vs 4 Forward 
   Center                   Wing                     Time % Phy DF OF 
 1 Steven Stamkos           Cam Atkinson             60     1   2  2  
 2 Clarke MacArthur         Cody Eakin               40     1   2  2  

4 vs 4 Defense
   Defense                  Defense                  Time % Phy DF OF 
 1 Mike Green               Trevor Daley             60     1   2  2  
 2 Dan Girardi              Brenden Dillon           40     1   2  2  

Last Minutes Offensive
   Center                   Left Wing                Right Wing               Defense                  Defense                  
   Steven Stamkos           Cam Atkinson             Cody Eakin               Mike Green               Trevor Daley             

Last Minutes Defensive
   Center                   Left Wing                Right Wing               Defense                  Defense                  
   Steven Stamkos           Cam Atkinson             Cody Eakin               Mike Green               Trevor Daley             

Goaltenders
Starting : Kari Lehtonen            
Backup : Calvin Pickard           

Extra Forwards
Normal : Jamie McGinn, Gabriel Dumont, Dominik Simon - PP : Jamie McGinn, Gabriel Dumont - PK : Dominik Simon
Extra Defensemen
Normal : Jordan Oesterle, David Schlemko, Dan Girardi - PP : Jordan Oesterle - PK : David Schlemko, Dan Girardi
Penalty Shots
Steven Stamkos, Cam Atkinson, Clarke MacArthur, Cody Eakin, Melker Karlsson
Custom OT Lines Forwards
Steven Stamkos, Cam Atkinson, Clarke MacArthur, Cody Eakin, Melker Karlsson, Rene Bourque, Jamie McGinn, Gabriel Dumont, Dominik Simon, Nate Thompson
Custom OT Lines Defensemen
Mike Green, Trevor Daley, Dan Girardi, Brenden Dillon, Jordan Oesterle

Scratches
*salaire blues* (Suspend)

Penguins

5 vs 5 Forward 
   Center                   Left Wing                Right Wing               Time % Phy DF OF 
 1 Mikael Granlund          Brad Marchand            Markus Granlund          32     1   1  3  
 2 Auston Matthews          Leo Komarov              Michael Grabner          31     1   2  2  
 3 Brian Boyle              Shane Doan               Marian Gaborik           22     1   2  2  
 4 Matt Read                Benoit Pouliot           Joel Armia               15     1   2  2  

5 vs 5 Defense 
   Defense                  Defense                                           Time % Phy DF OF 
 1 Tyler Myers              Andrew MacDonald                                  35     1   3  1  
 2 Roman Polak              Dmitry Orlov                                      33     1   3  1  
 3 Niklas Kronwall          Trevor van Riemsdyk                               32     1   3  1  
 4 Trevor van Riemsdyk      Andrew MacDonald                                  0      1   2  2  

PowerPlay Forward 
   Center                   Left Wing                Right Wing               Time % Phy DF OF 
 1 Auston Matthews          Brad Marchand            Mikael Granlund          60     1   0  4  
 2 Markus Granlund          Leo Komarov              Michael Grabner          40     1   1  3  

PowerPlay Defense
   Defense                  Defense                                           Time % Phy DF OF 
 1 Tyler Myers              Brian Boyle                                       60     1   1  3  
 2 Dmitry Orlov             Andrew MacDonald                                  40     1   2  2  

Penalty Kill 4 Players Forward 
   Center                   Wing                     Time % Phy DF OF 
 1 Brian Boyle              Joel Armia               60     1   2  2  
 2 Mikael Granlund          Leo Komarov              40     1   2  2  

Penalty Kill 4 Players Defense
   Defense                  Defense                  Time % Phy DF OF 
 1 Tyler Myers              Andrew MacDonald         60     1   2  2  
 2 Roman Polak              Trevor van Riemsdyk      40     1   2  2  

Penalty Kill - 3 Players Forward 
   Forward                                           Time % Phy DF OF 
 1 Brian Boyle                                       60     1   2  2  
 2 Mikael Granlund                                   40     1   2  2  

Penalty Kill - 3 Players Defense
   Defense                  Defense                  Time % Phy DF OF 
 1 Tyler Myers              Trevor van Riemsdyk      60     1   2  2  
 2 Roman Polak              Andrew MacDonald         40     1   2  2  

4 vs 4 Forward 
   Center                   Wing                     Time % Phy DF OF 
 1 Mikael Granlund          Shane Doan               60     1   2  2  
 2 Auston Matthews          Benoit Pouliot           40     1   2  2  

4 vs 4 Defense
   Defense                  Defense                  Time % Phy DF OF 
 1 Tyler Myers              Trevor van Riemsdyk      60     1   2  2  
 2 Roman Polak              Andrew MacDonald         40     1   2  2  

Last Minutes Offensive
   Center                   Left Wing                Right Wing               Defense                  Defense                  
   Auston Matthews          Brad Marchand            Mikael Granlund          Tyler Myers              Brian Boyle              

Last Minutes Defensive
   Center                   Left Wing                Right Wing               Defense                  Defense                  
   Brian Boyle              Brad Marchand            Michael Grabner          Tyler Myers              Trevor van Riemsdyk      

Goaltenders
Starting : Aaron Dell               
Backup : Tuukka Rask              

Extra Forwards
Normal : Shane Doan, Marian Gaborik, Matt Read - PP : Shane Doan, Marian Gaborik - PK : Matt Read
Extra Defensemen
Normal : Niklas Kronwall, Dmitry Orlov, Trevor van Riemsdyk - PP : Niklas Kronwall - PK : Dmitry Orlov, Trevor van Riemsdyk
Penalty Shots
Brad Marchand, Mikael Granlund, Auston Matthews, Brian Boyle, Michael Grabner
Custom OT Lines Forwards
Brad Marchand, Mikael Granlund, Brian Boyle, Auston Matthews, Michael Grabner, Leo Komarov, Markus Granlund, Shane Doan, Marian Gaborik, Matt Read
Custom OT Lines Defensemen
Tyler Myers, Brian Boyle, Roman Polak, Andrew MacDonald, Niklas Kronwall

Scratches
Matt Irwin (Healthy), Tim Schaller (Healthy), Zane McIntyre (Healthy), Matt Hackett (Healthy)

% Time on Ice - Blues

Lines # - Real PCT - Wanted PCT - Time Play
Normal Forward
1 - 35% - 40% - 18:59
2 - 28% - 30% - 15:23
3 - 23% - 20% - 12:36
4 - 14% - 10% - 7:22
Normal Defense
1 - 38% - 40% - 20:42
2 - 32% - 30% - 17:21
3 - 25% - 20% - 13:24
4 - 5% - 10% - 2:53
PP Forward
1 - 57% - 60% - 0:58
2 - 43% - 40% - 0:44
PP Defense
1 - 54% - 60% - 0:55
2 - 46% - 40% - 0:47
PK Forward
1 - 88% - 60% - 2:03
2 - 12% - 40% - 0:16
PK Defense
1 - 73% - 60% - 1:42
2 - 27% - 40% - 0:37
PK3 Forward
1 - 0% - 60%
2 - 0% - 40%
PK3 Defense
1 - 0% - 60%
2 - 0% - 40%
44 Forward
1 - 100% - 60% - 1:39
2 - 0% - 40% - 0:00
44 Defense
1 - 71% - 60% - 1:10
2 - 29% - 40% - 0:29
Last Minute Offensive  - 0:00
Last Minute Defensive  - 0:00
Total
Forward - 60:00
Defense - 60:00

% Time on Ice - Penguins

Lines # - Real PCT - Wanted PCT - Time Play
Normal Forward
1 - 31% - 32% - 16:54
2 - 32% - 31% - 17:21
3 - 21% - 22% - 11:29
4 - 16% - 15% - 8:36
Normal Defense
1 - 34% - 35% - 18:13
2 - 32% - 33% - 17:12
3 - 35% - 32% - 18:55
4 - 0% - 0% - 0:00
PP Forward
1 - 55% - 60% - 1:17
2 - 45% - 40% - 1:02
PP Defense
1 - 55% - 60% - 1:16
2 - 45% - 40% - 1:03
PK Forward
1 - 84% - 60% - 1:26
2 - 16% - 40% - 0:16
PK Defense
1 - 58% - 60% - 0:59
2 - 42% - 40% - 0:43
PK3 Forward
1 - 0% - 60%
2 - 0% - 40%
PK3 Defense
1 - 0% - 60%
2 - 0% - 40%
44 Forward
1 - 72% - 60% - 1:11
2 - 28% - 40% - 0:28
44 Defense
1 - 61% - 60% - 1:00
2 - 39% - 40% - 0:39
Last Minute Offensive  - 0:00
Last Minute Defensive  - 0:00
Total
Forward - 60:00
Defense - 60:00

Play by Play

1st period


0:01 of 1st period - Steven Stamkos wins face-off versus Mikael Granlund in neutral zone.
0:28 of 1st period - Snap shot by Clarke MacArthur.
0:28 of 1st period - Shot Misses the Net.
1:52 of 1st period - Snap shot by Auston Matthews.
1:52 of 1st period - Deflect By Leo Komarov.
1:52 of 1st period - Goal by Leo Komarov - Blues : 0 - Penguins : 1.
1:53 of 1st period - Auston Matthews wins face-off versus Steven Stamkos in neutral zone.
2:04 of 1st period - Wrist shot by Steven Stamkos.
2:04 of 1st period - Stopped by Aaron Dell without a rebound.
2:05 of 1st period - Brian Boyle wins face-off versus Melker Karlsson in Penguins zone.
2:14 of 1st period - Snap shot by Clarke MacArthur.
2:14 of 1st period - Stopped by Aaron Dell without a rebound.
2:15 of 1st period - Brian Boyle wins face-off versus Melker Karlsson in Penguins zone.
2:15 of 1st period - Brian Boyle is hit by Melker Karlsson.
2:21 of 1st period - Wrist shot by Marian Gaborik.
2:21 of 1st period - Stopped by Kari Lehtonen with a rebound.
2:59 of 1st period - Snap shot by Marian Gaborik.
2:59 of 1st period - Stopped by Kari Lehtonen without a rebound.
3:00 of 1st period - Auston Matthews wins face-off versus Cody Eakin in Blues zone.
3:25 of 1st period - Brad Marchand is hit by Kevin Porter and loses puck.
4:50 of 1st period - Snap shot by Jamie McGinn.
4:50 of 1st period - Shot Blocked by Trevor van Riemsdyk.
5:06 of 1st period - Snap shot by Dominik Simon.
5:06 of 1st period - Deflect By Leo Komarov.
5:06 of 1st period - Shot Misses the Net.
5:06 of 1st period - Puck is out of play.
5:07 of 1st period - Auston Matthews wins face-off versus Steven Stamkos in Penguins zone.
5:12 of 1st period - Wrist shot by Auston Matthews.
5:12 of 1st period - Shot Misses the Net.
5:14 of 1st period - Snap shot by Leo Komarov.
5:14 of 1st period - Stopped by Kari Lehtonen with a rebound.
5:16 of 1st period - Slapshot by Auston Matthews.
5:16 of 1st period - Shot Blocked by Cam Atkinson.
5:18 of 1st period - Snap shot by Michael Grabner.
5:18 of 1st period - Shot Misses the Net.
5:34 of 1st period - Gabriel Dumont is hit by Roman Polak and loses puck.
6:18 of 1st period - Backhand shot by Auston Matthews.
6:18 of 1st period - Stopped by Kari Lehtonen with a rebound.
6:20 of 1st period - Snap shot by Leo Komarov.
6:20 of 1st period - Goal by Leo Komarov - Blues : 0 - Penguins : 2.
6:21 of 1st period - Steven Stamkos wins face-off versus Mikael Granlund in neutral zone.
7:46 of 1st period - Andrew MacDonald is hit by Nate Thompson and loses puck.
7:59 of 1st period - Cam Atkinson is hit by Tyler Myers and loses puck.
8:04 of 1st period - Slapshot by Joel Armia.
8:04 of 1st period - Shot Misses the Net.
8:06 of 1st period - Slapshot by Andrew MacDonald.
8:06 of 1st period - Shot Blocked by Trevor Daley.
9:07 of 1st period - Wrist shot by Clarke MacArthur.
9:07 of 1st period - Stopped by Aaron Dell without a rebound.
9:08 of 1st period - Brian Boyle wins face-off versus Dominik Simon in Penguins zone.
9:10 of 1st period - Icing by Marian Gaborik.
9:11 of 1st period - Brian Boyle wins face-off versus Dominik Simon in Penguins zone.
9:22 of 1st period - Wrist shot by Brian Boyle.
9:22 of 1st period - Stopped by Kari Lehtonen without a rebound.
9:23 of 1st period - Mikael Granlund wins face-off versus Steven Stamkos in Blues zone.
9:55 of 1st period - Snap shot by Leo Komarov.
9:55 of 1st period - Deflect By Michael Grabner.
9:55 of 1st period - Stopped by Kari Lehtonen without a rebound.
9:56 of 1st period - Steven Stamkos wins face-off versus Auston Matthews in Blues zone.
10:09 of 1st period - Snap shot by Cody Eakin.
10:09 of 1st period - Stopped by Aaron Dell without a rebound.
10:10 of 1st period - Brian Boyle wins face-off versus Cody Eakin in Penguins zone.
10:53 of 1st period - Icing by Mikael Granlund.
10:54 of 1st period - Auston Matthews wins face-off versus Gabriel Dumont in Penguins zone.
11:07 of 1st period - Wrist shot by Jamie McGinn.
11:07 of 1st period - Stopped by Aaron Dell without a rebound.
11:08 of 1st period - Steven Stamkos wins face-off versus Mikael Granlund in Penguins zone.
11:13 of 1st period - Wrist shot by Steven Stamkos.
11:13 of 1st period - Stopped by Aaron Dell with a rebound.
11:35 of 1st period - Auston Matthews is hit by Trevor Daley and loses puck.
11:42 of 1st period - Snap shot by Clarke MacArthur.
11:42 of 1st period - Stopped by Aaron Dell without a rebound.
11:43 of 1st period - Melker Karlsson wins face-off versus Brian Boyle in Penguins zone.
11:48 of 1st period - Backhand shot by Melker Karlsson.
11:48 of 1st period - Shot Misses the Net.
11:50 of 1st period - Slapshot by Rene Bourque.
11:50 of 1st period - Stopped by Aaron Dell with a rebound.
11:52 of 1st period - Snap shot by Clarke MacArthur.
11:52 of 1st period - Shot Misses the Net.
11:54 of 1st period - Slapshot by Melker Karlsson.
11:54 of 1st period - Shot Misses the Net.
11:56 of 1st period - Wrist shot by Melker Karlsson.
11:56 of 1st period - Shot Misses the Net.
11:58 of 1st period - Slapshot by Dan Girardi.
11:58 of 1st period - Shot Misses the Net.
12:08 of 1st period - Dan Girardi is hit by Andrew MacDonald and loses puck.
12:31 of 1st period - Wrist shot by Matt Read.
12:31 of 1st period - Shot Blocked by Cody Eakin.
12:43 of 1st period - Benoit Pouliot is hit by Cody Eakin and loses puck.
12:54 of 1st period - Wrist shot by Steven Stamkos.
12:54 of 1st period - Goal by Steven Stamkos - Blues : 1 - Penguins : 2.
12:55 of 1st period - Gabriel Dumont wins face-off versus Mikael Granlund in neutral zone.
13:08 of 1st period - Wrist shot by Jamie McGinn.
13:08 of 1st period - Goal by Jamie McGinn - Blues : 2 - Penguins : 2.
13:09 of 1st period - Steven Stamkos wins face-off versus Brian Boyle in neutral zone.
13:24 of 1st period - Backhand shot by Brian Boyle.
13:24 of 1st period - Shot Misses the Net.
13:34 of 1st period - Trevor Daley is hit by Leo Komarov and loses puck.
14:04 of 1st period - Snap shot by Clarke MacArthur.
14:04 of 1st period - Stopped by Aaron Dell with a rebound.
14:20 of 1st period - Slapshot by Gabriel Dumont.
14:20 of 1st period - Stopped by Aaron Dell without a rebound.
14:21 of 1st period - Gabriel Dumont wins face-off versus Auston Matthews in Penguins zone.
14:52 of 1st period - Snap shot by Mikael Granlund.
14:52 of 1st period - Shot Misses the Net.
14:54 of 1st period - Snap shot by Markus Granlund.
14:54 of 1st period - Shot Blocked by Mike Green.
15:25 of 1st period - Nate Thompson is hit by Shane Doan and loses puck.
15:34 of 1st period - Snap shot by Marian Gaborik.
15:34 of 1st period - Stopped by Kari Lehtonen without a rebound.
15:35 of 1st period - Auston Matthews wins face-off versus Steven Stamkos in Blues zone.
15:50 of 1st period - Wrist shot by Cam Atkinson.
15:50 of 1st period - Stopped by Aaron Dell with a rebound.
17:01 of 1st period - Snap shot by Jamie McGinn.
17:01 of 1st period - Stopped by Aaron Dell with a rebound.
17:47 of 1st period - Wrist shot by Gabriel Dumont.
17:47 of 1st period - Stopped by Aaron Dell without a rebound.
17:48 of 1st period - Steven Stamkos wins face-off versus Mikael Granlund in Penguins zone.
17:55 of 1st period - Snap shot by Mikael Granlund.
17:55 of 1st period - Shot Misses the Net.
17:57 of 1st period - Wrist shot by Brad Marchand.
17:57 of 1st period - Stopped by Kari Lehtonen without a rebound.
17:58 of 1st period - Cody Eakin wins face-off versus Mikael Granlund in Blues zone.
18:37 of 1st period - Wrist shot by Mikael Granlund.
18:37 of 1st period - Stopped by Kari Lehtonen without a rebound.
18:38 of 1st period - Brian Boyle wins face-off versus Melker Karlsson in Blues zone.
19:09 of 1st period - Icing by David Schlemko.
19:10 of 1st period - Nate Thompson wins face-off versus Mikael Granlund in Blues zone.
19:23 of 1st period - Snap shot by Mikael Granlund.
19:23 of 1st period - Stopped by Kari Lehtonen without a rebound.
19:24 of 1st period - Steven Stamkos wins face-off versus Brian Boyle in Blues zone.
Goals for this period are 2 for Blues vs 2 for Penguins.
Shots for this period are 15 for Blues vs 12 for Penguins.

2nd period


0:01 of 2nd period - Mikael Granlund wins face-off versus Steven Stamkos in neutral zone.
0:07 of 2nd period - Off-side.
0:08 of 2nd period - Steven Stamkos wins face-off versus Mikael Granlund in neutral zone.
1:45 of 2nd period - Slapshot by Kevin Porter.
1:45 of 2nd period - Stopped by Aaron Dell with a rebound.
2:07 of 2nd period - Snap shot by Marian Gaborik.
2:07 of 2nd period - Deflect By Shane Doan.
2:07 of 2nd period - Shot Misses the Net.
2:07 of 2nd period - Puck is out of play.
2:08 of 2nd period - Steven Stamkos wins face-off versus Brian Boyle in Blues zone.
2:27 of 2nd period - Slapshot by Marian Gaborik.
2:27 of 2nd period - Deflect By Brian Boyle.
2:27 of 2nd period - Shot Misses the Net.
2:27 of 2nd period - Puck is out of play.
2:28 of 2nd period - Auston Matthews wins face-off versus Melker Karlsson in Blues zone.
2:39 of 2nd period - Snap shot by Auston Matthews.
2:39 of 2nd period - Deflect By David Schlemko.
2:39 of 2nd period - Shot Misses the Net.
2:39 of 2nd period - Puck is out of play.
2:40 of 2nd period - Steven Stamkos wins face-off versus Auston Matthews in Blues zone.
3:05 of 2nd period - Clarke MacArthur is hit by Brad Marchand and loses puck.
3:26 of 2nd period - Snap shot by Dominik Simon.
3:26 of 2nd period - Stopped by Aaron Dell with a rebound.
3:45 of 2nd period - Snap shot by Steven Stamkos.
3:45 of 2nd period - Goal by Steven Stamkos - Blues : 3 - Penguins : 2.
3:46 of 2nd period - Steven Stamkos wins face-off versus Mikael Granlund in neutral zone.
3:51 of 2nd period - Wrist shot by Mikael Granlund.
3:51 of 2nd period - Shot Blocked by Trevor Daley.
3:53 of 2nd period - Snap shot by Markus Granlund.
3:53 of 2nd period - Shot Misses the Net.
3:55 of 2nd period - Wrist shot by Mikael Granlund.
3:55 of 2nd period - Stopped by Kari Lehtonen with a rebound.
3:57 of 2nd period - Backhand shot by Roman Polak.
3:57 of 2nd period - Shot Blocked by Mike Green.
4:42 of 2nd period - Off-side.
4:43 of 2nd period - Shane Doan wins face-off versus Melker Karlsson in neutral zone.
5:17 of 2nd period - Wrist shot by Michael Grabner.
5:17 of 2nd period - Stopped by Kari Lehtonen without a rebound.
5:18 of 2nd period - Mikael Granlund wins face-off versus Melker Karlsson in Blues zone.
6:19 of 2nd period - Icing by Steven Stamkos.
6:20 of 2nd period - Steven Stamkos wins face-off versus Mikael Granlund in Blues zone.
6:28 of 2nd period - Off-side.
6:29 of 2nd period - Melker Karlsson wins face-off versus Mikael Granlund in neutral zone.
6:32 of 2nd period - Snap shot by Melker Karlsson.
6:32 of 2nd period - Shot Misses the Net.
6:34 of 2nd period - Snap shot by Clarke MacArthur.
6:34 of 2nd period - Stopped by Aaron Dell with a rebound.
6:36 of 2nd period - Backhand shot by Melker Karlsson.
6:36 of 2nd period - Goal by Melker Karlsson - Blues : 4 - Penguins : 2.
6:37 of 2nd period - Melker Karlsson wins face-off versus Auston Matthews in neutral zone.
8:07 of 2nd period - Wrist shot by Clarke MacArthur.
8:07 of 2nd period - Stopped by Aaron Dell with a rebound.
8:09 of 2nd period - Snap shot by Clarke MacArthur.
8:09 of 2nd period - Goal by Clarke MacArthur - Blues : 5 - Penguins : 2.
8:09 of 2nd period - Tuukka Rask enters game.
8:10 of 2nd period - Auston Matthews wins face-off versus Melker Karlsson in neutral zone.
8:18 of 2nd period - Snap shot by Leo Komarov.
8:18 of 2nd period - Deflect By Michael Grabner.
8:18 of 2nd period - Stopped by Kari Lehtonen with a rebound.
8:20 of 2nd period - Slapshot by Andrew MacDonald.
8:20 of 2nd period - Shot Blocked by Mike Green.
8:22 of 2nd period - Snap shot by Tyler Myers.
8:22 of 2nd period - Shot Misses the Net.
8:24 of 2nd period - Slapshot by Tyler Myers.
8:24 of 2nd period - Stopped by Kari Lehtonen without a rebound.
8:25 of 2nd period - Steven Stamkos wins face-off versus Mikael Granlund in Blues zone.
8:25 of 2nd period - Steven Stamkos is hit by Markus Granlund.
9:15 of 2nd period - Snap shot by Jamie McGinn.
9:15 of 2nd period - Stopped by Tuukka Rask with a rebound.
9:39 of 2nd period - Trevor van Riemsdyk is hit by Dominik Simon and loses puck.
10:12 of 2nd period - Jordan Oesterle is hit by Michael Grabner and loses puck.
10:51 of 2nd period - Benoit Pouliot is hit by Jordan Schroeder and loses puck.
11:40 of 2nd period - Rene Bourque is hit by Dmitry Orlov and loses puck.
11:49 of 2nd period - Tyler Myers is hit by Brenden Dillon and loses puck.
11:58 of 2nd period - Minor Penalty to Rene Bourque for Interference.
11:59 of 2nd period - Steven Stamkos wins face-off versus Auston Matthews in Blues zone.
12:08 of 2nd period - Slapshot by Tyler Myers.
12:08 of 2nd period - Stopped by Kari Lehtonen without a rebound.
12:09 of 2nd period - Steven Stamkos wins face-off versus Auston Matthews in Blues zone.
12:18 of 2nd period - Slapshot by Tyler Myers.
12:18 of 2nd period - Shot Misses the Net.
12:30 of 2nd period - Slapshot by Mikael Granlund.
12:30 of 2nd period - Stopped by Kari Lehtonen with a rebound.
12:32 of 2nd period - Wrist shot by Brian Boyle.
12:32 of 2nd period - Shot Blocked by Mike Green.
12:34 of 2nd period - Slapshot by Tyler Myers.
12:34 of 2nd period - Stopped by Kari Lehtonen with a rebound.
12:36 of 2nd period - Slapshot by Brian Boyle.
12:36 of 2nd period - Stopped by Kari Lehtonen without a rebound.
12:37 of 2nd period - Steven Stamkos wins face-off versus Markus Granlund in Blues zone.
13:32 of 2nd period - Snap shot by Clarke MacArthur.
13:32 of 2nd period - Shot Misses the Net.
13:58 of 2nd period - Penalty to Rene Bourque is over, Rene Bourque is back on ice.
14:02 of 2nd period - Snap shot by Steven Stamkos.
14:02 of 2nd period - Stopped by Tuukka Rask with a rebound.
14:04 of 2nd period - Slapshot by Steven Stamkos.
14:04 of 2nd period - Goal by Steven Stamkos - Blues : 6 - Penguins : 2.
14:05 of 2nd period - Gabriel Dumont wins face-off versus Marian Gaborik in neutral zone.
14:20 of 2nd period - Snap shot by Marian Gaborik.
14:20 of 2nd period - Stopped by Kari Lehtonen with a rebound.
14:57 of 2nd period - Off-side.
14:58 of 2nd period - Steven Stamkos wins face-off versus Brad Marchand in neutral zone.
15:03 of 2nd period - Slapshot by Mike Green.
15:03 of 2nd period - Shot Blocked by Mikael Granlund.
15:13 of 2nd period - Steven Stamkos is hit by Niklas Kronwall and loses puck.
15:50 of 2nd period - Snap shot by Jamie McGinn.
15:50 of 2nd period - Stopped by Tuukka Rask with a rebound.
17:16 of 2nd period - David Schlemko is hit by Roman Polak.
17:19 of 2nd period - Off-side.
17:20 of 2nd period - Dominik Simon wins face-off versus Mikael Granlund in neutral zone.
17:23 of 2nd period - Andrew MacDonald is hit by Trevor Daley and loses puck.
17:45 of 2nd period - Icing by Mikael Granlund.
17:46 of 2nd period - Steven Stamkos wins face-off versus Auston Matthews in Penguins zone.
18:07 of 2nd period - Minor Penalty to Trevor van Riemsdyk for Hooking.
18:08 of 2nd period - Steven Stamkos wins face-off versus Brian Boyle in Penguins zone.
18:09 of 2nd period - Wrist shot by Cam Atkinson.
18:09 of 2nd period - Shot Blocked by Andrew MacDonald.
18:21 of 2nd period - Slapshot by Mike Green.
18:21 of 2nd period - Stopped by Tuukka Rask with a rebound.
18:39 of 2nd period - Snap shot by Rene Bourque.
18:39 of 2nd period - Stopped by Tuukka Rask without a rebound.
18:40 of 2nd period - Melker Karlsson wins face-off versus Brian Boyle in Penguins zone.
19:05 of 2nd period - Mikael Granlund is hit by Rene Bourque and loses puck.
19:12 of 2nd period - Wrist shot by Melker Karlsson.
19:12 of 2nd period - Shot Blocked by Dmitry Orlov.
19:14 of 2nd period - Wrist shot by Clarke MacArthur.
19:14 of 2nd period - Shot Misses the Net.
19:16 of 2nd period - Slapshot by Melker Karlsson.
19:16 of 2nd period - Stopped by Tuukka Rask without a rebound.
19:17 of 2nd period - Steven Stamkos wins face-off versus Brian Boyle in Penguins zone.
19:29 of 2nd period - Snap shot by Steven Stamkos.
19:29 of 2nd period - Goal by Steven Stamkos - Blues : 7 - Penguins : 2.
19:30 of 2nd period - Steven Stamkos wins face-off versus Leo Komarov in neutral zone.
Goals for this period are 5 for Blues vs 0 for Penguins.
Shots for this period are 15 for Blues vs 9 for Penguins.

3rd period


0:01 of 3rd period - Steven Stamkos wins face-off versus Mikael Granlund in neutral zone.
1:40 of 3rd period - Snap shot by Cam Atkinson.
1:40 of 3rd period - Shot Misses the Net.
1:54 of 3rd period - Leo Komarov is hit by Rene Bourque and loses puck.
2:37 of 3rd period - Snap shot by Matt Read.
2:37 of 3rd period - Shot Misses the Net.
2:39 of 3rd period - Snap shot by Benoit Pouliot.
2:39 of 3rd period - Stopped by Kari Lehtonen without a rebound.
2:40 of 3rd period - Mikael Granlund wins face-off versus Steven Stamkos in Blues zone.
2:41 of 3rd period - Wrist shot by Brad Marchand.
2:41 of 3rd period - Stopped by Kari Lehtonen with a rebound.
2:55 of 3rd period - Snap shot by Brad Marchand.
2:55 of 3rd period - Shot Misses the Net.
3:30 of 3rd period - Slapshot by Mike Green.
3:30 of 3rd period - Shot Blocked by Brian Boyle.
4:05 of 3rd period - Dominik Simon is hit by Mikael Granlund and loses puck.
4:25 of 3rd period - Wrist shot by Michael Grabner.
4:25 of 3rd period - Shot Misses the Net.
4:27 of 3rd period - Snap shot by Leo Komarov.
4:27 of 3rd period - Stopped by Kari Lehtonen without a rebound.
4:28 of 3rd period - Cam Atkinson wins face-off versus Auston Matthews in Blues zone.
4:28 of 3rd period - Cam Atkinson is hit by Niklas Kronwall.
5:19 of 3rd period - Wrist shot by Jamie McGinn.
5:19 of 3rd period - Shot Misses the Net.
5:21 of 3rd period - Wrist shot by Gabriel Dumont.
5:21 of 3rd period - Stopped by Tuukka Rask with a rebound.
5:23 of 3rd period - Wrist shot by Kevin Porter.
5:23 of 3rd period - Stopped by Tuukka Rask with a rebound.
6:17 of 3rd period - Snap shot by Brad Marchand.
6:17 of 3rd period - Stopped by Kari Lehtonen without a rebound.
6:18 of 3rd period - Mikael Granlund wins face-off versus Melker Karlsson in Blues zone.
6:19 of 3rd period - Slapshot by Brad Marchand.
6:19 of 3rd period - Stopped by Kari Lehtonen without a rebound.
6:20 of 3rd period - Mikael Granlund wins face-off versus Melker Karlsson in Blues zone.
6:27 of 3rd period - Melker Karlsson is hit by Brad Marchand and loses puck.
6:35 of 3rd period - Slapshot by Melker Karlsson.
6:35 of 3rd period - Stopped by Tuukka Rask without a rebound.
6:36 of 3rd period - Auston Matthews wins face-off versus Steven Stamkos in Penguins zone.
6:47 of 3rd period - Snap shot by Cam Atkinson.
6:47 of 3rd period - Shot Blocked by Leo Komarov.
7:01 of 3rd period - Rene Bourque is hit by Mikael Granlund and loses puck.
7:08 of 3rd period - Wrist shot by Markus Granlund.
7:08 of 3rd period - Stopped by Kari Lehtonen without a rebound.
7:09 of 3rd period - Mikael Granlund wins face-off versus Steven Stamkos in Blues zone.
7:16 of 3rd period - Snap shot by Brad Marchand.
7:16 of 3rd period - Shot Blocked by Cody Eakin.
7:54 of 3rd period - Roman Polak is hit by Kevin Porter and loses puck.
8:05 of 3rd period - Wrist shot by Jamie McGinn.
8:05 of 3rd period - Stopped by Tuukka Rask with a rebound.
8:07 of 3rd period - Snap shot by Gabriel Dumont.
8:07 of 3rd period - Goal by Gabriel Dumont - Blues : 8 - Penguins : 2.
8:08 of 3rd period - Steven Stamkos wins face-off versus Mikael Granlund in neutral zone.
8:43 of 3rd period - Slapshot by Auston Matthews.
8:43 of 3rd period - Shot Misses the Net.
8:45 of 3rd period - Snap shot by Trevor van Riemsdyk.
8:45 of 3rd period - Shot Misses the Net.
8:57 of 3rd period - Wrist shot by Benoit Pouliot.
8:57 of 3rd period - Stopped by Kari Lehtonen with a rebound.
9:19 of 3rd period - Snap shot by Shane Doan.
9:19 of 3rd period - Stopped by Kari Lehtonen without a rebound.
9:20 of 3rd period - Marian Gaborik wins face-off versus Steven Stamkos in Blues zone.
9:25 of 3rd period - Snap shot by Shane Doan.
9:25 of 3rd period - Stopped by Kari Lehtonen without a rebound.
9:26 of 3rd period - Steven Stamkos wins face-off versus Mikael Granlund in Blues zone.
9:26 of 3rd period - Steven Stamkos is hit by Brad Marchand.
10:13 of 3rd period - Brenden Dillon is hit by Benoit Pouliot and loses puck.
10:24 of 3rd period - Wrist shot by Jamie McGinn.
10:24 of 3rd period - Goal by Jamie McGinn - Blues : 9 - Penguins : 2.
10:25 of 3rd period - Steven Stamkos wins face-off versus Mikael Granlund in neutral zone.
10:33 of 3rd period - Off-side.
10:34 of 3rd period - Mikael Granlund wins face-off versus Cody Eakin in neutral zone.
10:55 of 3rd period - Snap shot by Cam Atkinson.
10:55 of 3rd period - Stopped by Tuukka Rask without a rebound.
10:56 of 3rd period - Michael Grabner wins face-off versus Rene Bourque in Penguins zone.
11:01 of 3rd period - Auston Matthews is hit by David Schlemko and loses puck.
11:35 of 3rd period - Snap shot by Brian Boyle.
11:35 of 3rd period - Deflect By Steven Stamkos.
11:35 of 3rd period - Shot Blocked by David Schlemko.
11:35 of 3rd period - Puck is out of play.
11:36 of 3rd period - Melker Karlsson wins face-off versus Mikael Granlund in Blues zone.
12:11 of 3rd period - Wrist shot by Auston Matthews.
12:11 of 3rd period - Stopped by Kari Lehtonen with a rebound.
12:13 of 3rd period - Slapshot by Dmitry Orlov.
12:13 of 3rd period - Shot Blocked by Mike Green.
13:17 of 3rd period - Clarke MacArthur is hit by Benoit Pouliot and loses puck.
13:52 of 3rd period - Jordan Oesterle is hit by Leo Komarov and loses puck.
14:10 of 3rd period - Jamie McGinn is hit by Auston Matthews and loses puck.
15:01 of 3rd period - Slapshot by Leo Komarov.
15:01 of 3rd period - Shot Misses the Net.
15:03 of 3rd period - Slapshot by Michael Grabner.
15:03 of 3rd period - Stopped by Kari Lehtonen with a rebound.
15:05 of 3rd period - Snap shot by Leo Komarov.
15:05 of 3rd period - Shot Blocked by Gabriel Dumont.
15:21 of 3rd period - Snap shot by Michael Grabner.
15:21 of 3rd period - Shot Blocked by Gabriel Dumont.
15:27 of 3rd period - Wrist shot by Leo Komarov.
15:27 of 3rd period - Shot Misses the Net.
15:29 of 3rd period - Snap shot by Auston Matthews.
15:29 of 3rd period - Shot Blocked by David Schlemko.
15:31 of 3rd period - Wrist shot by Auston Matthews.
15:31 of 3rd period - Stopped by Kari Lehtonen with a rebound.
15:33 of 3rd period - Slapshot by Trevor van Riemsdyk.
15:33 of 3rd period - Shot Blocked by Gabriel Dumont.
15:35 of 3rd period - Wrist shot by Auston Matthews.
15:35 of 3rd period - Stopped by Kari Lehtonen without a rebound.
15:36 of 3rd period - Steven Stamkos wins face-off versus Mikael Granlund in Blues zone.
15:36 of 3rd period - Steven Stamkos is hit by Markus Granlund.
16:26 of 3rd period - Tyler Myers is hit by Nate Thompson and loses puck.
16:45 of 3rd period - Cody Eakin is hit by Markus Granlund and loses puck.
17:00 of 3rd period - Minor Penalty to Tyler Myers for Hooking.
17:01 of 3rd period - Brian Boyle wins face-off versus Steven Stamkos in Penguins zone.
17:15 of 3rd period - Wrist shot by Andrew MacDonald.
17:15 of 3rd period - Deflect By Brian Boyle.
17:15 of 3rd period - Stopped by Kari Lehtonen with a rebound.
17:20 of 3rd period - Minor Penalty to Steven Stamkos for Hooking.
17:21 of 3rd period - Jamie McGinn wins face-off versus Mikael Granlund in Blues zone.
17:39 of 3rd period - Andrew MacDonald is hit by Mike Green and loses puck.
18:16 of 3rd period - Dan Girardi is hit by Trevor van Riemsdyk and loses puck.
18:27 of 3rd period - Shane Doan is hit by Brenden Dillon.
18:28 of 3rd period - Icing by Shane Doan.
18:29 of 3rd period - Mikael Granlund wins face-off versus Jamie McGinn in Penguins zone.
19:00 of 3rd period - Penalty to Tyler Myers is over, Tyler Myers is back on ice.
19:20 of 3rd period - Penalty to Steven Stamkos is over, Steven Stamkos is back on ice.
19:21 of 3rd period - Snap shot by Dominik Simon.
19:21 of 3rd period - Stopped by Tuukka Rask with a rebound.
19:23 of 3rd period - Wrist shot by Steven Stamkos.
19:23 of 3rd period - Stopped by Tuukka Rask with a rebound.
19:25 of 3rd period - Slapshot by Dominik Simon.
19:25 of 3rd period - Stopped by Tuukka Rask without a rebound.
19:26 of 3rd period - Melker Karlsson wins face-off versus Mikael Granlund in Penguins zone.
19:56 of 3rd period - Snap shot by Niklas Kronwall.
19:56 of 3rd period - Deflect By Jordan Oesterle.
19:56 of 3rd period - Stopped by Kari Lehtonen with a rebound.
19:58 of 3rd period - Slapshot by Trevor van Riemsdyk.
19:58 of 3rd period - Shot Misses the Net.
Goals for this period are 2 for Blues vs 0 for Penguins.
Shots for this period are 10 for Blues vs 15 for Penguins.